 Dungeon Crawl Stone Soup version 0.26-a0-1021-gda264ca44c (webtiles) character file.

Game seed: 18412798276872188638

78024 runemasterragnar the Lord of Darkness (level 15, -1/92 HPs)
             Began as a Demonspawn Necromancer on Dec 8, 2020.
             Was the Champion of Kikubaaqudgha.
             Killed from afar by a starcursed mass (6 damage)
             ... with an accursed screaming
             ... on level 4 of the Abyss.
             The game lasted 01:01:40 (24712 turns).

runemasterragnar the Lord of Darkness (DsNe)       Turns: 24712, Time: 01:01:40

Health: -1/92      AC: 41    Str: 20    XL:     15   Next: 17%
Magic:  0/28       EV:  6    Int: 17    God:    Kikubaaqudgha [******]
Gold:   1659       SH:  0    Dex:  9    Spells: 8/33 levels left

rFire    + + .     SeeInvis .   V - staff of death
rCold    + . .     Faith    .   (no shield)
rNeg     + . .     Spirit   +   H - +12 gold dragon scales of the Farmer {rPois rF+ rC+ Str+3 Stlth+}
rPois    +         Reflect  .   W - +0 helmet
rElec    +         Harm     .   r - +1 cloak
rCorr    .         Rampage  .   (gloves unavailable)
Will     +....     Rnd*Rage +   f - +0 pair of boots Stlth ..........Rnd*Tele +
                                (no amulet)
HPRegen  0.00/turn              O - +6 ring of strength
MPRegen  0.42/turn              Y - ring of protection from fire

@: about to teleport, sanguine armour
A: claws 3, [berserk 3], [blurry vision 3], [clumsy 2], [deformed body],
[deterioration 2], [dopey 2], [frail 2], [screaming 2], electricity resistance,
[inhibited regeneration], spiny 3, [teleportitis 2], wild magic 1, magic shield,
magic regeneration, [no potion heal 2], MP-powered wands, sanguine armour 3
a: Receive Corpses, Torment, Renounce Religion


You were on level 4 of the Abyss.
You worshipped Kikubaaqudgha.
Kikubaaqudgha was exalted by your worship.
You visited 2 branches of the dungeon, and saw 21 of its levels.
You visited the Abyss 1 time.
You also visited: Bailey and Ice Cave.

You collected 1659 gold pieces.

Inventory:

Hand Weapons
 S - a +0 great sword of flaming
 T - a +0 lajatang of flaming
Armour
 a - a +1 scale mail of cold resistance
 f - a +0 pair of boots (worn)
 r - a +1 cloak (worn)
 H - the +12 gold dragon scales of the Farmer (worn) {rPois rF+ rC+ Str+3 Stlth+}
   (You found it in a bailey)

   It affects your strength (+3).
   It protects you from fire.
   It protects you from cold.
   It protects you from poison.
   It makes you more stealthy.
 J - the cursed +0 pair of gloves "Gajiavar" {rPois Dex+4 Slay+3}
   (You found it in a bailey)

   It affects your dexterity (+4).
   It affects your accuracy and damage with ranged weapons and melee attacks
   (+3).
   It protects you from poison.
   It has a curse placed upon it.
 W - a +0 helmet (worn)
Magical Staves
 c - an uncursed staff of air
 h - an uncursed staff of cold
 V - an uncursed staff of death (weapon)
Jewellery
 C - an uncursed ring of ice
 F - an uncursed ring of protection from fire
 O - a +6 ring of strength (left claw)
 Q - an uncursed ring of see invisible
 R - an uncursed ring of protection from cold
 Y - a ring of protection from fire (right claw)
Wands
 k - a wand of digging (10)
 n - a wand of polymorph (8)
 o - a wand of iceblast (18)
 t - a wand of flame (43)
 I - a wand of paralysis (8)
 X - a wand of disintegration (7)
Scrolls
 d - 4 scrolls of enchant weapon
 e - a scroll of torment
 j - 2 scrolls of vulnerability
 l - 4 scrolls of blinking
 m - 3 scrolls of magic mapping
 v - 8 scrolls of remove curse
 w - 3 scrolls of fear
 y - 4 scrolls of amnesia
 A - 2 scrolls of fog
 E - 3 scrolls of identify
 K - 2 scrolls of summoning
 L - a scroll of holy word
 U - a scroll of enchant armour
Potions
 b - a potion of curing
 i - 3 potions of haste
 p - 2 potions of cancellation
 u - 3 potions of brilliance
 z - 3 potions of flight
 B - a potion of might
 M - a potion of lignification
 P - 2 potions of berserk rage
Miscellaneous
 q - a box of beasts
 s - a phial of floods
 G - a lightning rod (4/4)
 N - a phantom mirror


   Skills:
 + Level 10.0 Fighting
 + Level 4.9 Staves
 * Level 11.5 Armour
 - Level 6.4 Dodging
 - Level 1.7 Stealth
 + Level 9.5 Spellcasting
 * Level 14.0 Necromancy
 * Level 5.3 Translocations
 * Level 5.6 Transmutations
 + Level 9.9 Evocations


You had 8 spell levels left.
You knew the following spells:

 Your Spells              Type           Power        Failure   Level
a - Pain                  Necr           ####         4%          1
b - Animate Skeleton      Necr           ######       4%          1
c - Vampiric Draining     Necr           #######...   11%         3
d - Animate Dead          Necr           #######...   32%         4
e - Corpse Rot            Necr/Air       N/A          63%         2
f - Dispel Undead         Necr           #######.     32%         4
g - Necromutation         Tmut/Necr      ######....   100%        8
h - Blink                 Tloc           N/A          83%         2

Your spell library contained the following spells:

 Spells                   Type           Power        Failure   Level
 Sublimation of Blood     Necr           #######...   6%          2
 Agony                    Necr           #######.     63%         5
 Excruciating Wounds      Necr           #######...   63%         5
 Apportation              Tloc           ####..       71%         1
 Sting                    Tmut/Pois      ###.         96%         1
 Gell's Gravitas          Tloc           ####......   96%         3
 Lesser Beckoning         Tloc           ####......   96%         3
 Teleport Other           Tloc           ####....     96%         3
 Foxfire                  Conj/Fire      ##..         100%        1
 Poisonous Vapours        Pois/Air       ##....       100%        2
 Conjure Flame            Conj/Fire      ##......     100%        3
 Ignite Poison            Fire/Tmut/Pois ###.....     100%        3
 Inner Flame              Hex/Fire       ##......     100%        3
 Mephitic Cloud           Conj/Pois/Air  ##......     100%        3
 Tukima's Dance           Hex            ##......     100%        3
 Olgreb's Toxic Radiance  Pois           ##......     100%        4
 Passage of Golubria      Tloc           N/A          100%        4
 Sticky Flame             Conj/Fire      ##......     100%        4
 Alistair's Intoxication  Tmut/Pois      ###......    100%        5
 Fireball                 Conj/Fire      ##........   100%        5
 Freezing Cloud           Conj/Ice/Air   ##........   100%        6
 Invisibility             Hex            ##......     100%        6
 Simulacrum               Ice/Necr       ######....   100%        6
 Haunt                    Necr/Summ      ######....   100%        7
 Borgnjor's Revivificati  Necr           #######...   100%        8
 Infestation              Necr           #######...   100%        8
 Death's Door             Necr           #######...   100%        9


Dungeon Overview and Level Annotations

Branches:
Dungeon (15/15)            Temple (0/1) D:6            Lair (6/6) D:8
 Shoals (0/4) Lair:4       Spider (0/4) Lair:4        Slime (0/5) Lair:6
 Vaults (0/5) D:14         Bailey (visited)           IceCv (visited)
    Orc: D:9-12      Depths: D:15

Altars:
Gozag
Kikubaaqudgha
Qazlal
Sif Muna
Uskayaw
Vehumet
Wu Jian
Yredelemnul
Zin
The Shining One
Jiyva

Shops:
D:2 *   D:6 !   D:9 :   D:14 (

Annotations:
D:6 Blork the orc
Lair:1 1 runed translucent door, Maimakterion's ghost, journeyman DsWn
Lair:5 exclusion: 2 oklob plants


Innate Abilities, Weirdness & Mutations

You have claws for hands.
You are completely covered in sharp spines.
When hurt, damage is shared between your health and your magic reserves.
You regenerate magic rapidly.
When seriously injured, your bleeding wounds create very thick armour. (AC +12)
You are resistant to electric shocks. (rElec)
Your spells are a little harder to cast, but a little more powerful.
You expend magic power (3 MP) to strengthen your wands.
[You have an uncontrollable temper.]
[Scrolls take you much longer to read.]
[You are very clumsy. (Dex -4)]
[Armour fits poorly on your strangely shaped body.]
[Your body often deteriorates upon taking damage.]
[You are very dopey. (Int -4)]
[You are very frail. (-20% HP)]
[You sometimes yell uncontrollably at your foes.]
[You do not regenerate when monsters are visible.]
[You are sometimes teleported next to monsters.]
[Potions are poor at restoring your health.]


Message History

Unknown command.
Unknown command.
Your system partially rejects the healing.
You feel better. The small abomination hits you.
* * * LOW HITPOINT WARNING * * *
The starcursed mass is struck by your spines.
The starcursed mass engulfs you but does no damage.
The starcursed mass shudders and is absorbed by its neighbour.
Unknown command.
Unknown command.
Your system partially rejects the healing.
You feel better.
The starcursed mass is struck by your spines.
The starcursed mass engulfs you but does no damage.
The starcursed mass shudders and is absorbed by its neighbour.
The small abomination barely misses you.
The starcursed mass engulfs you but does no damage. x2
A chorus of shrieks assaults your mind.
You die...
Kikubaaqudgha rasps: "You have failed me!
Welcome... death!"

.# ..###
#...#
#.#...#### ##
#...#X#X#..##
#.@xZ.##
#..X#3..##
#..#*......
#...X.#.##.
#..#.##โ‰ˆ#
## ##.ยง##..
. ..# #.#....
.. .#..#.. #
# # # โ‰ˆ#
#'### #โ‰ˆ


You could see 3 starcursed masses, a tentacled starspawn, a wretched star, a
smoke demon, a small abomination and a frost giant simulacrum.

Vanquished Creatures
  Agnes (D:15)
  A fire giant (D:14)
  A very ugly thing (D:14)
  Josephine (D:14)
  A slime creature (D:13)
  A boulder beetle (D:12)
  7 hydras
  2 death knights
  2 centaur warriors
  2 satyrs (Abyss:4)
  A dancing weapon (D:14)
  2 two-headed ogres (D:14)
  A hell hog (Abyss:4)
  A thrashing horror (Abyss:4)
  4 death yaks (Lair:3)
  2 large abominations
  A skeletal warrior (D:12)
  5 unseen horrors
  A phantasmal warrior (D:15)
  A lindwurm (Lair:5)
  An orc knight (Bailey)
  A wolf spider zombie (D:14)
  3 ugly things
  A deep elf mage (D:14)
  A cyclops (D:11)
  2 manticores
  2 ice statues (IceCv)
  8 black mambas
  23 elephants
  3 merfolk sirens (Lair:4)
  18 cane toads
  A smoke demon (Abyss:4)
  A gargoyle (D:11)
  2 rime drakes
  An efreet (Abyss:2)
  2 kobold demonologists
  3 komodo dragons
  A freezing wraith (D:14)
  6 polar bears
  A merfolk (Lair:4)
  3 trolls (D:11)
  A meliai (shapeshifter) (D:14)
  2 hornets
  17 blink frogs
  10 dream sheep
  5 raiju
  A shadow (D:14)
  A vampire (Abyss:4)
  7 wraiths
  5 wyverns
  13 spriggans
  A tarantella (shapeshifter) (D:15)
  Eustachio (D:4)
  2 basilisks
  6 yaks (Lair:6)
  2 vampire mosquitoes (D:14)
  Menkaure (D:4)
  Edmund (D:4)
  An acid dragon (shapeshifter) (D:14)
  12 water moccasins
  A floating eye (shapeshifter) (D:14)
  13 orc warriors
  5 sky beasts
  A necrophage (D:8)
  10 black bears
  9 ice beasts
  7 ogres
  An ogre (shapeshifter) (Abyss:4)
  5 boggarts (Lair:6)
  29 wolves
  7 centaurs
  16 bullfrogs
  2 gnoll sergeants
  A small abomination (Abyss:4)
  A scorpion (D:11)
  A water moccasin skeleton (D:9)
  22 killer bees
  4 wights (D:15)
  6 howler monkeys
  4 centaur zombies
  4 lava snakes (D:7)
  2 jellies (D:14)
  2 bullfrog skeletons
  4 hounds
  A quasit (Abyss:3)
  A bullfrog zombie (D:11)
  8 orc priests
  14 orc wizards
  2 centaur skeletons
  3 iguanas
  Ijyb (D:4)
  Natasha (D:2)
  6 hell rats (Lair:6)
  A worker ant (D:10)
  A worker ant zombie (D:7)
  Robin (D:2)
  12 adders
  5 gnolls (D:8)
  A shadow imp (D:8)
  14 white imps
  2 ufetubi
  An adder zombie (D:9)
  4 worms
  An adder skeleton (D:10)
  3 dart slugs
  5 leopard geckos
  48 orcs
  16 goblins
  11 hobgoblins
  8 jackals (D:3)
  5 kobolds
  7 quokkas
  10 bats
  3 frilled lizards
  A leopard gecko skeleton (D:5)
  A leopard gecko zombie (D:5)
  10 rats
576 creatures vanquished.

Vanquished Creatures (collateral kills)
  A two-headed ogre (D:14)
  A dancing weapon (D:14)
  A death yak (Lair:3)
  An orb spider (Lair:4)
  A wraith (D:14)
  A killer bee zombie (D:8)
  An orc (Bailey)
7 creatures vanquished.

Vanquished Creatures (others)
  A small abomination (Abyss:2)
  42 fungi
  52 plants
  4 starspawn tentacles (Abyss:4)
  7 withered plants (D:3)
106 creatures vanquished.

Grand Total: 689 creatures vanquished

Notes
Turn   | Place    | Note
-------+----------+-------------------------------------------
     0 | D:1      | runemasterragnar the Demonspawn Necromancer began the quest
                  | for the Orb.
     0 | D:1      | Reached XP level 1. HP: 13/13 MP: 3/3
   399 | D:1      | Gained mutation: When hurt, damage is shared between your
                  | health and your magic reserves. [demonic ancestry]
   399 | D:1      | Reached XP level 2. HP: 19/20 MP: 1/5
  1040 | D:2      | Reached skill level 1 in Fighting
  1047 | D:2      | Found Zin's Purification Station.
  1050 | D:2      | Found a glowing silver altar of Zin.
  1163 | D:2      | Gained mutation: When seriously injured, your bleeding
                  | wounds create armour. (AC +12) [demonic ancestry]
  1163 | D:2      | Reached XP level 3. HP: 25/26 MP: 4/6
  1480 | D:2      | Noticed Natasha
  1480 | D:2      | Noticed Robin
  1504 | D:3      | Learned a level 1 spell: Animate Skeleton
  1508 | D:3      | Learned a level 3 spell: Vampiric Draining
  1698 | D:3      | Reached skill level 1 in Armour
  1986 | D:3      | Gained mutation: You are partially covered in sharp spines.
                  | [demonic ancestry]
  1986 | D:3      | Reached XP level 4. HP: 32/32 MP: 5/7
  2254 | D:3      | Reached skill level 5 in Necromancy
  2260 | D:3      | Found an ancient bone altar of Kikubaaqudgha.
  2267 | D:3      | Became a worshipper of Kikubaaqudgha
  2687 | D:2      | Killed Robin
  2691 | D:2      | Gained mutation: You regenerate magic rapidly. [demonic
                  | ancestry]
  2691 | D:2      | Reached XP level 5. HP: 28/38 MP: 2/9
  2699 | D:2      | Killed Natasha
  2820 | D:2      | Found a stormy altar of Qazlal.
  2820 | D:2      | Found a radiant altar of Vehumet.
  3047 | D:3      | Reached * piety under Kikubaaqudgha
  3047 | D:3      | Identified Kikubaaqudgha's Handbook of Necromancy
                  | (Kikubaaqudgha gifted it to you on level 3 of the Dungeon)
  3047 | D:3      | Received a gift from Kikubaaqudgha
  3054 | D:3      | Learned a level 4 spell: Animate Dead
  3248 | D:4      | Noticed an ogre
  3251 | D:4      | Noticed Eustachio
  3270 | D:4      | Killed an ogre
  3312 | D:4      | HP: 2/58 [iron imp[Eustachio] (1)]
  3314 | D:4      | Gained mutation: You are resistant to electric shocks.
                  | (rElec) [potion of mutation]
  3314 | D:4      | Gained mutation: You have a pair of small horns on your
                  | head. [potion of mutation]
  3314 | D:4      | Gained mutation: You passively map a small area around you.
                  | [potion of mutation]
  3318 | D:4      | HP: 1/58 [poisoned by Eustachio]
  3323 | D:4      | HP: 1/58 [poisoned by Eustachio]
  3339 | D:4      | Killed Eustachio
  3340 | D:4      | Reached skill level 1 in Evocations
  3340 | D:4      | Gained mutation: When seriously injured, your bleeding
                  | wounds create thick armour. (AC +12) [demonic ancestry]
  3340 | D:4      | Reached XP level 6. HP: 4/46 MP: 5/10
  3908 | D:4      | Noticed Menkaure
  3918 | D:4      | Killed Menkaure
  3919 | D:4      | Reached XP level 7. HP: 27/52 MP: 4/12
  4322 | D:4      | Learned a level 2 spell: Corpse Rot
  4341 | D:4      | Noticed Edmund
  4697 | D:4      | Killed Edmund
  5049 | D:4      | Noticed Ijyb
  5059 | D:4      | Killed Ijyb
  5213 | D:5      | Entered Level 5 of the Dungeon
  5485 | D:5      | Reached skill level 6 in Necromancy
  6116 | D:6      | Gained mutation: When seriously injured, your bleeding
                  | wounds create very thick armour. (AC +12) [demonic
                  | ancestry]
  6116 | D:6      | Reached XP level 8. HP: 45/60 MP: 7/13
  6397 | D:6      | Noticed Blork the orc
  6562 | D:6      | Lost mutation: You have a pair of small horns on your head.
                  | [potion of mutation]
  6562 | D:6      | Lost mutation: You passively map a small area around you.
                  | [potion of mutation]
  6562 | D:6      | Gained mutation: Your spells are a little harder to cast,
                  | but a little more powerful. [potion of mutation]
  6562 | D:6      | Gained mutation: You expend magic power (3 MP) to
                  | strengthen your wands. [potion of mutation]
  6772 | D:6      | Found Enaczut's Distillery.
  7728 | D:7      | Got a jewelled ring mail
  7742 | D:7      | Identified the +4 ring mail "Kodepust" {*Slow rN+ Int+2
                  | SInv} (You found it on level 7 of the Dungeon)
  7902 | D:7      | Gained mutation: You are mostly covered in sharp spines.
                  | [demonic ancestry]
  7902 | D:7      | Reached XP level 9. HP: 45/66 MP: 11/16
  7907 | D:7      | Reached skill level 7 in Necromancy
  8315 | D:8      | Reached skill level 5 in Dodging
  8315 | D:8      | Reached skill level 5 in Spellcasting
  8352 | D:8      | Reached skill level 5 in Fighting
  8567 | D:8      | Reached ** piety under Kikubaaqudgha
  8770 | D:8      | Found an opulent altar of Gozag.
  9018 | D:8      | Found a hide-covered altar of Uskayaw.
  9103 | D:8      | Reached skill level 5 in Armour
  9110 | D:8      | Reached skill level 5 in Evocations
  9157 | D:8      | Found a basalt altar of Yredelemnul.
  9285 | D:8      | Found a staircase to the Lair.
  9400 | D:8      | Reached XP level 10. HP: 76/76 MP: 18/18
  9757 | D:9      | Reached skill level 8 in Necromancy
  9760 | D:9      | Reached *** piety under Kikubaaqudgha
  9760 | D:9      | Identified Kikubaaqudgha's Collected Works on Evil Rituals
                  | (Kikubaaqudgha gifted it to you on level 9 of the Dungeon)
  9760 | D:9      | Received a gift from Kikubaaqudgha
  9784 | D:9      | Learned a level 4 spell: Dispel Undead
 10255 | D:9      | Found Uwatoz's Book Shoppe.
 10408 | D:9      | Found a glowing golden altar of the Shining One.
 10525 | D:10     | Entered Level 10 of the Dungeon
 10549 | D:10     | Found a flagged portal.
 10652 | Bailey   | Entered a bailey
 10924 | Bailey   | Noticed an orc knight
 10945 | Bailey   | Killed an orc knight
 11166 | Bailey   | Got twisted gold dragon scales
 11177 | Bailey   | Identified the +12 gold dragon scales of the Farmer {rPois
                  | rF+ rC+ Str+3 Stlth+} (You found it in a bailey)
 11179 | Bailey   | Got a pair of distressingly furry gloves
 11185 | Bailey   | Identified the cursed +0 pair of gloves "Gajiavar" {rPois
                  | Dex+4 Slay+3} (You found it in a bailey)
 11409 | D:11     | Noticed a brown ugly thing
 11436 | D:11     | Reached **** piety under Kikubaaqudgha
 11586 | D:11     | Killed a brown ugly thing
 11590 | D:11     | Noticed a rust devil
 11592 | D:11     | Noticed a smoke demon
 11612 | D:11     | Reached skill level 9 in Necromancy
 11642 | D:10     | Gained mutation: You have sharp fingernails. [demonic
                  | ancestry]
 11642 | D:10     | Reached XP level 11. HP: 48/83 MP: 16/20
 11981 | D:10     | Killed an unseen horror
 12294 | D:11     | Killed an unseen horror
 12530 | D:11     | Noticed a soul eater
 12821 | D:11     | Killed an unseen horror
 13357 | D:11     | Reached skill level 10 in Necromancy
 13555 | D:12     | Noticed a boulder beetle
 13699 | Lair:1   | Entered Level 1 of the Lair of Beasts
 13763 | Lair:1   | Found a frozen archway.
 13768 | Lair:1   | Reached ***** piety under Kikubaaqudgha
 13788 | IceCv    | Entered an ice cave
 13788 | IceCv    | Noticed a white ugly thing
 13800 | IceCv    | Killed a white ugly thing
 13801 | IceCv    | Found a transporter.
 13812 | IceCv    | Noticed a white ugly thing
 13817 | IceCv    | Killed a white ugly thing
 13818 | IceCv    | Found a transporter.
 14379 | Lair:1   | Found a runed translucent door.
 14379 | Lair:1   | Noticed Maimakterion's ghost (journeyman DsWn)
 14379 | Lair:1   | Noticed a boulder beetle
 14912 | Lair:2   | Gained mutation: You are completely covered in sharp
                  | spines. [demonic ancestry]
 14912 | Lair:2   | Reached XP level 12. HP: 81/92 MP: 19/23
 15849 | Lair:3   | Reached skill level 11 in Necromancy
 16199 | Lair:3   | Found an ornate altar of the Wu Jian Council.
 16286 | Lair:3   | Noticed a death yak
 16287 | Lair:3   | Identified a scroll of acquirement
 16288 | Lair:3   | Acquired an uncursed staff of death
 16310 | Lair:3   | Noticed a death yak
 16312 | Lair:3   | Noticed a death yak
 16312 | Lair:3   | Noticed a death yak
 16314 | Lair:3   | Noticed a death yak
 16429 | Lair:4   | Reached skill level 1 in Staves
 16580 | Lair:4   | Reached skill level 12 in Necromancy
 16647 | Lair:4   | Noticed a six-headed hydra
 16676 | Lair:4   | Killed a six-headed hydra
 16793 | Lair:4   | Gained mutation: You have very sharp fingernails. [demonic
                  | ancestry]
 16793 | Lair:4   | Reached XP level 13. HP: 69/99 MP: 14/25
 16950 | Lair:4   | You fall into a shaft and drop 2 floors!
 16950 | Lair:6   | Entered Level 6 of the Lair of Beasts
 17397 | Lair:6   | Reached skill level 10 in Armour
 17517 | Lair:6   | Reached ****** piety under Kikubaaqudgha
 17521 | Lair:6   | Received a gift from Kikubaaqudgha
 17532 | Lair:6   | Learned a level 8 spell: Necromutation
 17816 | Lair:6   | Reached skill level 1 in Transmutations
 17862 | Lair:6   | Found a staircase to the Slime Pits.
 17863 | Lair:6   | Found a viscous altar of Jiyva.
 17941 | Lair:6   | Learned a level 2 spell: Blink
 18133 | Lair:5   | Reached skill level 1 in Translocations
 18775 | Lair:4   | Found a hole to the Spider Nest.
 18999 | Lair:4   | Found a staircase to the Shoals.
 19028 | Lair:4   | Reached skill level 13 in Necromancy
 19502 | Lair:3   | Reached XP level 14. HP: 73/108 MP: 12/27
 21912 | D:14     | Found Xuith's Weapon Boutique.
 21934 | D:14     | Noticed Josephine
 21972 | D:14     | Killed Josephine
 22230 | D:14     | Found an ancient bone altar of Kikubaaqudgha.
 22316 | D:14     | Noticed a fire giant
 22317 | D:14     | Found a shimmering blue altar of Sif Muna.
 22328 | D:14     | Killed a fire giant
 22329 | D:14     | Found a basalt altar of Yredelemnul.
 22389 | D:14     | Noticed a cyan very ugly thing
 22419 | D:14     | Killed a cyan very ugly thing
 22420 | D:14     | Reached skill level 5 in Transmutations
 22740 | D:14     | Found a gate to the Vaults.
 22900 | D:15     | Entered Level 15 of the Dungeon
 23217 | D:15     | Noticed Agnes
 23229 | D:15     | Killed Agnes
 23489 | D:15     | Reached skill level 5 in Translocations
 23546 | D:15     | Gained mutation: You have claws for hands. [demonic
                  | ancestry]
 23546 | D:15     | Reached XP level 15. HP: 94/115 MP: 2/28
 23550 | D:15     | Reached skill level 10 in Fighting
 23682 | D:15     | Found a shimmering blue altar of Sif Muna.
 23994 | D:15     | Cast into level 2 of the Abyss (a wizard)
 24079 | Abyss:3  | Found a corrupted altar of Lugonu.
 24190 | Abyss:3  | Noticed a bone dragon
 24640 | Abyss:4  | Reached skill level 14 in Necromancy
 24657 | Abyss:4  | Noticed a hellephant
 24661 | Abyss:4  | Noticed a tentacled starspawn
 24680 | Abyss:4  | Noticed a tentacled starspawn
 24680 | Abyss:4  | Noticed a lich
 24711 | Abyss:4  | HP: 3/92 [small abomination (6)]
 24712 | Abyss:4  | Killed from afar by a starcursed mass

Illustrated notes

Levels and vault maps discovered:
D:1:      dpeg_arrival_windows_large_door, layout_basic
D:2:      layout_rooms, zin_purify, amethyst_overflow_temple_binary, uniq_robin,
          uniq_natasha
D:3:      layout_basic, kiku_gazebo_garden_becter
D:4:      layout_basic, uniq_edmund, uniq_ijyb, uniq_menkaure, uniq_eustachio
D:5:      minmay_evil_eye, layout_loops_ring, kennysheep_generic_room_3
D:6:      layout_rooms, nicolae_ashenzari_panopticon, kennysheep_mini,
          minmay_temple_entry_hall, serial_shops, nicolae_shop_behind_doors,
          st_stairs_8, sword_in_stone, uniq_sigmund
D:7:      layout_gridville, kennysheep_cluttered_room, due_unseen_surprise
D:8:      layout_loops_ring, nicolae_overflow_crystal_walls,
          kennysheep_mini_moat, grunt_gozag_breadcrumbs, minmay_lair_entry_grove
D:9:      layout_roguey, nicolae_tso_carved_into_rock, serial_shops, shop
D:10:     layout_cave_pools, enter_bailey_2
D:11:     layout_gridville
D:12:     layout_cave_pods, david_orc_4, chequers_serial_rivers_micro_d,
          uniq_kirke
D:13:     layout_roguey, serial_curves, eino_curves_04, eino_curves_03
D:14:     layout_rooms, erik_vaults_1, minmay_stone_trees_small, serial_shops,
          shop_fountains, basic_altar, jmf_multi_god_temple, uniq_josephine
D:15:     grunt_enter_depths_magical_seal, layout_rooms, nicolae_two_hexagons,
          tgw_sif, uniq_agnes
Lair:1:   layout_hall_layers, ebering_ghost_inner_flame,
          portal_ice_cave_entry_imps
Lair:2:   layout_small_grid, lemuel_fruit_fields
Lair:3:   layout_roguey, basic_altar, grunt_megastairs_3
Lair:4:   layout_loops_ring, elwin_shoals_entry_stream,
          nicolae_spider_entry_orb_guardian, st_stairs_12
Lair:5:   layout_cave_pods, minmay_lair_oklob_chamber, serial_bayou_shore_a,
          infiniplex_staircase_pool
Lair:6:   minmay_lair_end_enchanted_forest, layout_regular_city, slime_altar_1,
          grunt_megastairs_1
Abyss:4:  base: D:14, lemuel_flamethrower_3, nicolae_abyss_rune_left_handed,
          nicolae_abyss_rune_left_handed, minivault_24, minivault_1,
          hangedman_decor_riveting, hangedman_abyss_batty_box,
          nicolae_abyss_rune_star_stuff, nicolae_abyss_rune_star_stuff,
          evilmike_abyss_exit_glass, hangedman_abyss_or_decor_clamps,
          evilmike_abyss_exit_kraken, hangedman_abyss_rune_macabre_mess,
          hangedman_abyss_or_decor_clamps,
          evilmike_nicolae_abyss_rune_containment_curve

Skill      XL: |  1  2  3  4  5  6  7  8  9 10 11 12 13 14 15 |
---------------+----------------------------------------------+-----
Dodging        | 2 3 4 5 6 |  6.4
Fighting       | 1 2 3 4 5 6 7 8 9 10 | 10.0
Armour         | 1 2 3 4 5 6 8 9 10 11 | 11.5
Necromancy     | 5 6 7 9 10 12 13 14 | 14.0
Spellcasting   | 3 4 5 6 7 8 9 |  9.5
Evocations     | 1 2 4 5 6 7 8 9 |  9.9
Staves         | 1 3 4 |  4.9
Transmutations | 3 5 |  5.6
Translocations | 2 5 |  5.3
Stealth        | |  1.7

Action                   |  1- 3 |  4- 6 |  7- 9 | 10-12 | 13-15 || total
-------------------------+-------+-------+-------+-------+-------++-------
Melee: Unarmed           |     2 |    20 |       |       |       ||    22
       Whip              |    46 |       |       |       |       ||    46
       Flail             |     5 |     8 |       |       |       ||    13
       Dagger            |       |   172 |    37 |    13 |       ||   222
       Headbutt          |       |     1 |    14 |       |       ||    15
       Long sword        |       |       |   143 |   208 |       ||   351
       Spear             |       |       |       |     5 |       ||     5
       Great sword       |       |       |       |   161 |       ||   161
       Staff             |       |       |       |    45 |   598 ||   643
 Cast: Pain              |    54 |     7 |   117 |    88 |   115 ||   381
       Vampiric Draining |       |     3 |    22 |    24 |    79 ||   128
       Animate Dead      |       |       |     6 |     3 |     7 ||    16
       Animate Skeleton  |       |       |     2 |     7 |     6 ||    15
       Corpse Rot        |       |       |     1 |       |       ||     1
       Dispel Undead     |       |       |       |       |    10 ||    10
Invok: Receive Necronomi |       |       |       |       |     1 ||     1
Evoke: Wand              |       |       |     3 |    26 |     6 ||    35
       Lightning rod     |       |       |       |    10 |     3 ||    13
  Use: Potion            |       |    10 |     1 |     6 |    12 ||    29
       Scroll            |       |     1 |     9 |    12 |    15 ||    37
 Stab: Paralysed         |       |       |       |     7 |     3 ||    10
       Distracted        |       |       |       |       |     1 ||     1
       Held in net/web   |       |       |       |       |     1 ||     1
Armor: Ring mail         |    44 |    50 |   129 |    57 |       ||   280
       Skin              |       |    86 |       |       |       ||    86
       Gold dragon scale |       |       |       |   721 |  1006 ||  1727
Dodge: Dodged            |    43 |   106 |   145 |   226 |   290 ||   810
Block: Kite shield       |       |       |       |    94 |       ||    94
       Rpst.: Long sword |       |       |    34 |    26 |       ||    60
       Great sword       |       |       |       |    19 |       ||    19

Table legend: (Time is in decaauts)
 A = Elapsed time spent in this place.
 B = Non-inter-level travel time spent in this place.
 C = Inter-level travel time spent in this place.
 D = Time resting spent in this place.
 E = Time spent auto-exploring this place.
 F = Levels seen in this place.
 G = Mean time per level.
                   A        B        C        D        E       F      G
               +--------+--------+--------+--------+--------+-----+--------+
         Total |  25014 |  24221 |    793 |   1893 |  17038 |  26 |  962.1 |
       Dungeon |  16311 |  15638 |    673 |   1339 |  11284 |  15 | 1087.4 |
          Lair |   7034 |   6914 |    120 |     71 |   5461 |   6 | 1172.3 |
         Abyss |    699 |    699 |      0 |    192 |      0 |   3 |  233.0 |
        Bailey |    559 |    559 |      0 |      0 |    293 |   1 |  559.0 |
      Ice Cave |    409 |    409 |      0 |    291 |      0 |   1 |  409.0 |
               +--------+--------+--------+--------+--------+-----+--------+

Top non-repeatable levels by time:
  Lair:6: 1983 daAuts
     D:4: 1883 daAuts
    D:11: 1720 daAuts
     D:8: 1584 daAuts
  Lair:4: 1556 daAuts
     D:3: 1469 daAuts
     D:7: 1356 daAuts
    D:14: 1304 daAuts
  Lair:3: 1222 daAuts
  Lair:2: 1113 daAuts
     D:9: 1101 daAuts
    D:15: 1097 daAuts
     D:1: 958 daAuts
     D:5: 947 daAuts
     D:2: 904 daAuts
